 Dungeon Sprint DCSS version 0.22-a0-240-g539252a (webtiles) character file.

547 Azzok the Archer (level 7, -5/40 HPs)
             Began as a Gargoyle Hunter on Feb 21, 2018.
             Was a Follower of Okawaru.
             Slain by an orc warrior
             ... wielding a +0 battleaxe
              (13 damage)
             ... in the Dungeon (Sprint IX: "|||||||||||||||||||||||||||||").
             The game lasted 00:02:09 (660 turns).

Azzok the Archer (Gargoyle Hunter)                   Turns: 660, Time: 00:02:09

Health: -5/40      AC: 13    Str: 21    XL:     7   Next: 28%
Magic:  7/7        EV: 10    Int: 11    God:    Okawaru [*.....]
Gold:   0          SH:  0    Dex: 13    Spells: 6/6 levels left

rFire    . . .     SeeInvis .   a - +4 quarterstaff (drain)
rCold    . . .     Gourm    .   (shield currently unavailable)
rNeg     + . .     Faith    .   r - +1 scale mail
rPois    ∞         Spirit   .   (no helmet)
rElec    +         Reflect  .   t - +0 cloak
rCorr    .         Harm     .   s - +0 pair of gloves
MR       .....     NoTele   +   (no boots)
Stlth    ..........             (no amulet)
HPRegen  0.13/turn              p - +3 ring of dexterity
MPRegen  0.10/turn              q - +3 ring of strength

@: berserk cooldown, slowed, very slow
A: negative energy resistance 1, electricity resistance, unbreathing,
petrification resistance, rot immunity, AC +4
a: Heroism, Renounce Religion


You were in the Dungeon.
You worshipped Okawaru.
Okawaru was aware of your devotion.
You were very hungry.

You visited 1 branch

Inventory:

Hand Weapons
 a - a +4 quarterstaff of draining (weapon)
 b - a +1 shortbow
 u - a +0 short sword
Armour
 c - a +0 leather armour
 r - a +1 scale mail (worn)
 s - a +0 pair of gloves (worn)
 t - a +0 cloak (worn)
Jewellery
 p - a +3 ring of dexterity (left hand)
 q - a +3 ring of strength (right hand)
Wands
 o - a wand of acid (10)
Scrolls
 k - 2 scrolls of blinking
 m - 3 scrolls of remove curse
 n - 2 scrolls of amnesia
Potions
 e - 5 potions of curing
 g - 2 potions of heal wounds
 h - a potion of haste
 i - 4 potions of magic
 l - a potion of invisibility
Comestibles
 f - a ration


   Skills:
 - Level 2.1 Fighting
 + Level 14.9 Bows
 - Level 1.5 Dodging
 - Level 1.1 Stealth


You had 6 spell levels left.
You didn't know any spells.

Dungeon Overview and Level Annotations

Branches:
Dungeon (1/1)

Altars:
Cheibriados
Dithmenos
Elyvilon
Fedhas
Gozag
Hepliaklqana
Kikubaaqudgha
Makhleb
Nemelex Xobeh
Okawaru
Qazlal
Ru
Sif Muna
Trog
Uskayaw
Vehumet
Wu Jian
Xom
Yredelemnul
Zin
The Shining One
Beogh
Jiyva
Lugonu


Innate Abilities, Weirdness & Mutations

You are resistant to torment.
Your stone body is resilient. (AC +4)
You are immune to poison.
You resist negative energy. (rN+)
You are resistant to electric shocks. (rElec)
You can survive without breathing.
You are immune to petrification.
You are immune to rotting.


Message History

You shoot an arrow.
The arrow closely misses the orc warrior.
The orc warrior hits you but does no damage.
Firing (i - inventory) No suitable missiles.
Press: ? - help, Shift-Dir - straight line, f/p - orc warrior
Aim: an orc warrior, wielding a battleaxe and wearing a chain mail (moderately wounded)
Okay, then.
Firing (i - inventory) No suitable missiles.
Press: ? - help, Shift-Dir - straight line, f/p - orc warrior
Aim: an orc warrior, wielding a battleaxe and wearing a chain mail (moderately wounded)
Okay, then.
Unknown command.
You sense an unholy aura.
a - a +4 quarterstaff of draining (weapon)
The orc warrior hits you with a battleaxe!
* * * LOW HITPOINT WARNING * * *
You closely miss the orc warrior.
The orc warrior is moderately wounded.
The orc warrior hits you with a battleaxe!
You die... ▓▓▓▓▓▓▓▓▓▓▓▓▓▓▓▓▓▓▓▓▓▓▓▓ ______'··|)(····@o((··(╬ ▓▓▓▓▓▓▓▓▓▓▓▓▓▓▓▓▓▓▓▓▓▓▓▓

You could see an orc warrior.

Vanquished Creatures
  A troll (D)
  A hungry ghost (D)
  A necrophage (D)
  A centaur (D)
  A worker ant (D)
  A shadow imp (D)
  An ooze (D)
  An orc (D)
  A bat zombie (D)
  A giant cockroach (D)
  2 goblins (D)
  A hobgoblin (D)
  A quokka (D)
  A frilled lizard (D)
15 creatures vanquished.

Notes
Turn   | Place    | Note
-------+----------+-------------------------------------------
     0 | D        | Azzok the Gargoyle Hunter began the quest for the Orb.
     0 | D        | Reached XP level 1. HP: 12/12 MP: 1/1
    21 | D        | Reached skill level 5 in Bows
    21 | D        | Reached XP level 2. HP: 8/17 MP: 2/2
   309 | D        | Reached skill level 6 in Bows
   318 | D        | Reached skill level 8 in Bows
   318 | D        | Reached XP level 3. HP: 6/21 MP: 3/3
   529 | D        | Found a roughly hewn altar of Beogh.
   529 | D        | Found a snail-covered altar of Cheibriados.
   529 | D        | Found a shadowy altar of Dithmenos.
   529 | D        | Found a white marble altar of Elyvilon.
   529 | D        | Found a blossoming altar of Fedhas.
   529 | D        | Found an opulent altar of Gozag.
   530 | D        | Found a hazy altar of Hepliaklqana.
   531 | D        | Found a viscous altar of Jiyva.
   532 | D        | Found an ancient bone altar of Kikubaaqudgha.
   533 | D        | Found a corrupted altar of Lugonu.
   534 | D        | Found a burning altar of Makhleb.
   535 | D        | Found a sparkling altar of Nemelex Xobeh.
   536 | D        | Found an iron altar of Okawaru.
   537 | D        | Found a stormy altar of Qazlal.
   538 | D        | Found a sacrificial altar of Ru.
   539 | D        | Found a deep blue altar of Sif Muna.
   540 | D        | Found a bloodstained altar of Trog.
   541 | D        | Found a hide-covered altar of Uskayaw.
   542 | D        | Found a radiant altar of Vehumet.
   543 | D        | Found an ornate altar of the Wu Jian Council.
   544 | D        | Became a worshipper of Warmaster Okawaru
   545 | D        | Found a shimmering altar of Xom.
   546 | D        | Found a basalt altar of Yredelemnul.
   547 | D        | Found a glowing silver altar of Zin.
   548 | D        | Found a glowing golden altar of the Shining One.
   619 | D        | Noticed a necrophage
   619 | D        | Noticed a hungry ghost
   619 | D        | Noticed a troll
   619 | D        | Noticed a centaur
   619 | D        | Noticed an orc warrior
   627 | D        | Killed a necrophage
   627 | D        | Reached skill level 10 in Bows
   627 | D        | Reached XP level 4. HP: 26/26 MP: 4/4
   627 | D        | Reached XP level 5. HP: 30/30 MP: 5/5
   636 | D        | Killed a hungry ghost
   636 | D        | Reached skill level 12 in Bows
   636 | D        | Reached XP level 6. HP: 35/35 MP: 6/6
   640 | D        | Killed a troll
   640 | D        | Reached * piety under Okawaru
   640 | D        | Reached skill level 14 in Bows
   640 | D        | Reached XP level 7. HP: 9/40 MP: 7/7
   660 | D        | Slain by an orc warrior

Vault maps used:
D:        linesprint

Skill      XL: |  1  2  3  4  5  6 |
---------------+-------------------+-----
Bows           | 5 8 10 12 14 | 14.9
Fighting       | |  2.1
Dodging        | |  1.5
Stealth        | |  1.1

Action                   |  1- 3 |  4- 6 |  7- 9 || total
-------------------------+-------+-------+-------++-------
Melee: Short sword       |    11 |       |       ||    11
       Quarterstaff      |     7 |    12 |     1 ||    20
 Fire: Shortbow          |    22 |       |    16 ||    38
  Use: Potion            |     1 |       |     1 ||     2
Armor: Leather armour    |     8 |       |       ||     8
       Scale mail        |     3 |     8 |     8 ||    19
Dodge: Dodged            |    15 |     6 |     6 ||    27

Table legend:
 A = Spawn XP
 B = Non-spawn XP
 C = Spawn XP percentage of total XP
 D = Spawn monster count
 E = Non-spawn monster count
 F = Spawn count percentage of total count
 G = Total turns spent on level
                    A         B        C        D         E        F      G
               +---------+---------+-------+---------+---------+-------+---------
         Total |       0 |     782 |   0.0 |       0 |      15 |   0.0 |   660
               +---------+---------+-------+---------+---------+-------+---------
             D |       0 |     782 |   0.0 |       0 |      15 |   0.0 |   660
               +---------+---------+-------+---------+---------+-------+---------
